 Dungeon Crawl Stone Soup version 0.30-a0-1094-g860fb061e7 (webtiles) character file.

Game seed: 14981337070271239664

592 Chaicat the Trooper (level 7, -10/64 HPs)
             Began as a Minotaur Berserker on Apr 17, 2023.
             Was a Priest of Trog.
             Mangled by Edmund
             ... wielding a +2 dire flail of protection
              (11 damage)
             ... on level 5 of the Dungeon.
             The game lasted 00:11:11 (3939 turns).

Chaicat the Trooper (Minotaur Berserker)            Turns: 3939, Time: 00:11:12

Health: -10/64     AC:  9    Str: 23    XL:     7   Next: 16%
Magic:  6/6        EV:  8    Int: 10    God:    Trog [***...]
Gold:   255        SH: 11    Dex: 10    Spells: 6/6 levels left

rFire   . . .      SeeInvis .    i - +0 war axe
rCold   . . .      Faith    .    u - +0 tower shield
rNeg    . . .      Spirit   .    p - +0 ring mail
rPois   .          Reflect  .    (helmet restricted)
rElec   .          Rampage  .    (no cloak)
rCorr   .                        (no gloves)
Will    .....                    f - +2 pair of boots Stlth
                                 b - amulet of the acrobat
HPRegen 0.30/turn                n - +6 ring of intelligence
MPRegen 0.10/turn                t - +4 ring of slaying

@: no status effects
A: horns 2, retaliatory headbutt
a: Renounce Religion, Berserk, Trog's Hand


You were on level 5 of the Dungeon.
You worshipped Trog.
Trog was most pleased with you.
You visited 1 branch of the dungeon, and saw 5 of its levels.

You collected 255 gold pieces.

Inventory:

Hand Weapons
 a - a +0 hand axe of venom
 i - a +0 war axe (weapon)
Armour
 f - a +2 pair of boots (worn)
 p - a +0 ring mail (worn)
 u - a +0 tower shield (worn)
Jewellery
 b - an amulet of the acrobat (around neck)
 k - a ring of ice
 n - a +6 ring of intelligence (left hand)
 t - a +4 ring of slaying (right hand)
Wands
 q - a wand of polymorph (3)
 s - a wand of roots (5)
 w - a wand of digging (5)
Scrolls
 c - 2 scrolls of teleportation
 e - a scroll of fog
 m - 2 scrolls of poison
 r - 2 scrolls of enchant armour
Potions
 d - 6 potions of curing
 g - a potion of heal wounds
 h - 4 potions of might
 j - 2 potions of berserk rage
 l - a potion of flight
 o - a potion of mutation
 v - a potion of attraction {unknown}


   Skills:
 * Level 6.6 Fighting
 + Level 5.3 Axes
 + Level 4.6 Armour
 + Level 4.1 Dodging
 + Level 2.2 Shields


You had 6 spell levels left.
You didn't know any spells.
Your spell library was empty.

Dungeon Overview and Level Annotations

Branches:
Dungeon (5/15)
 Temple: D:4-7

Altars:
Cheibriados
Qazlal
Trog
Zin

Annotations:
D:5 Edmund


Innate Abilities, Weirdness & Mutations

You have a pair of horns on your head.
You reflexively headbutt those who attack you in melee.


Message History

You barely miss Edmund. You headbutt Edmund, but do no damage.
Edmund is heavily wounded.
Edmund hits you with a +2 dire flail of protection.
* * * LOW HITPOINT WARNING * * *
You feel much better. You block Edmund's attack.
You closely miss Edmund.
Edmund is heavily wounded.
Edmund hits you with a +2 dire flail of protection.
You block Edmund's attack.
You closely miss Edmund.
Edmund is heavily wounded.
Your skin stops crawling.
You feel less strong-willed. You block Edmund's attack.
Edmund hits you with a +2 dire flail of protection.
You hit Edmund.
Edmund is heavily wounded.
Edmund barely misses you.
You slash Edmund! You headbutt Edmund, but do no damage.
Edmund is almost dead.
Edmund barely misses you.
Edmund grinds his teeth, and then sighs.
You block Edmund's attack.
You closely miss Edmund.
Edmund is almost dead.
Edmund hits you with a +2 dire flail of protection.
* * * LOW HITPOINT WARNING * * *
You block Edmund's attack.
You completely miss Edmund.
Edmund is almost dead.
Edmund hits you with a +2 dire flail of protection!
* * * LOW HITPOINT WARNING * * *
You hit Edmund but do no damage.
Edmund is almost dead.
You block Edmund's attack. x2
You barely miss Edmund. You headbutt Edmund.
Edmund is almost dead.
Edmund hits you with a +2 dire flail of protection!
* * * LOW HITPOINT WARNING * * *
Edmund hits you with a +2 dire flail of protection!
You die...

......#.....8.... #.#
......#.#.###...
......#.#..#
......#.##.##
#######.....# #.##..#
#.#####
#.....##########
..####.####..))@@...#
.........####.####.###
#.#####............!.
#.#####.##....... #.#
#g# #.##### .......g#
... #######g@# .# ...#
.# .....


You could see Edmund.

Vanquished Creatures
  Sigmund (D:5)
  An ogre (D:4)
  A hound (D:5)
  An orc priest (D:2)
  A gnoll bouda (D:5)
  An iguana (D:5)
  An orc wizard (D:2)
  5 gnolls (D:5)
  8 adders
  A worm (D:4)
  5 dart slugs
  4 orcs
  8 endoplasms
  5 giant cockroaches
  9 goblins
  6 hobgoblins
  2 quokkas
  3 ball pythons
  2 bats
  5 frilled lizards
  9 kobolds
  4 rats
83 creatures vanquished.

Vanquished Creatures (others)
  5 plants (D:3)
5 creatures vanquished.

Grand Total: 88 creatures vanquished

Notes
Turn   | Place    | Note
-------+----------+-------------------------------------------
     0 | D:1      | Chaicat the Minotaur Berserker began the quest for the Orb.
     0 | D:1      | Reached XP level 1. HP: 19/19 MP: 0/0
   242 | D:1      | Reached XP level 2. HP: 26/27 MP: 1/1
   274 | D:1      | Reached skill level 4 in Fighting
  1190 | D:2      | Reached XP level 3. HP: 16/33 MP: 2/2
  1196 | D:2      | Reached XP level 4. HP: 12/41 MP: 3/3
  1200 | D:2      | Reached ** piety under Trog
  1353 | D:2      | Found a faded altar of an unknown god.
  1421 | D:2      | You fall into a shaft and drop 2 floors!
  1715 | D:3      | Reached skill level 5 in Fighting
  1850 | D:3      | Reached XP level 5. HP: 45/48 MP: 4/4
  2743 | D:3      | Found a stormy altar of Qazlal.
  2746 | D:3      | Found a glowing silver altar of Zin.
  2751 | D:3      | Found a snail-covered altar of Cheibriados.
  2832 | D:3      | Found a bloodstained altar of Trog.
  3392 | D:4      | Noticed an ogre
  3422 | D:4      | Killed an ogre
  3423 | D:4      | Reached skill level 1 in Shields
  3423 | D:4      | Reached XP level 6. HP: 57/57 MP: 5/5
  3695 | D:5      | Entered Level 5 of the Dungeon
  3807 | D:5      | Noticed Sigmund
  3821 | D:5      | Killed Sigmund
  3821 | D:5      | Reached *** piety under Trog
  3822 | D:5      | Reached skill level 6 in Fighting
  3822 | D:5      | Reached skill level 5 in Axes
  3892 | D:5      | Noticed Edmund
  3913 | D:5      | Reached XP level 7. HP: 43/64 MP: 6/6
  3939 | D:5      | HP: 1/64 [Edmund/+2 dire flail of protection (10)]
  3939 | D:5      | Mangled by Edmund

Illustrated notes

Levels and vault maps discovered:
D:1:      eino_arrival_tree_alley, layout_loops_corners, minivault_5,
          corexii_leaking_fountain, wander_ebering_terrifying_dragon_lair
D:2:      layout_basic, basic_ecumenical_altar, nicolae_hexahallways,
          hangedman_decor_peaks_small, minmay_close_crescents
D:3:      layout_loops_ring, general_overflow_altar,
          grunt_temple_overflow_diamond, serial_bayou_pond_a
D:4:      layout_basic, amcnicky_mini_pool_small, minmay_quadrilaterals
D:5:      layout_basic, lemuel_temple_firewalk_b, uniq_sigmund, uniq_edmund

Skill      XL: |  1  2  3  4  5  6 |
---------------+-------------------+-----
Fighting       | 4 5 6 |  6.6
Axes           | 4 5 |  5.3
Armour         | 3 4 |  4.6
Dodging        | 3 4 |  4.1
Shields        | 1 2 |  2.2

Action                     |  1- 3 |  4- 6 |  7- 9 || total
---------------------------+-------+-------+-------++-------
  Melee: Hand axe          |    62 |     4 |       ||    66
         Headbutt          |     8 |    12 |     5 ||    25
         War axe           |       |   105 |    23 ||   128
         Punch             |       |     1 |       ||     1
 Invoke: Trog's Hand       |       |     1 |     1 ||     2
    Use: Scroll            |    10 |     7 |       ||    17
         Potion            |       |       |     1 ||     1
   Stab: Sleeping          |     1 |       |       ||     1
 Armour: Animal skin       |     7 |     9 |       ||    16
         Ring mail         |       |    18 |     4 ||    22
  Dodge: Dodged            |    30 |    81 |    11 ||   122
  Block: Tower shield      |       |    24 |    23 ||    47

Table legend: (Time is in decaauts)
 A = Elapsed time spent in this place.
 B = Non-inter-level travel time spent in this place.
 C = Inter-level travel time spent in this place.
 D = Time resting spent in this place.
 E = Time spent auto-exploring this place.
 F = Levels seen in this place.
 G = Mean time per level.
                   A        B        C        D        E       F      G
               +--------+--------+--------+--------+--------+-----+--------+
         Total |   4000 |   3885 |    115 |    256 |   2915 |   5 |  800.0 |
       Dungeon |   4000 |   3885 |    115 |    256 |   2915 |   5 |  800.0 |
               +--------+--------+--------+--------+--------+-----+--------+

Top non-repeatable levels by time:
     D:2: 1079 daAuts
     D:1: 1074 daAuts
     D:4: 792 daAuts
     D:3: 782 daAuts
     D:5: 271 daAuts
